 Dungeon Crawl Stone Soup version 0.27.1-3-gb3d3a73c9e (webtiles) character file.

Game seed: 13589858593169519102

94 MisterFreud the Skirmisher (level 4, -2/45 HPs)
             Began as a Minotaur Abyssal Knight on Oct 12, 2021.
             Was a Follower of Lugonu.
             Succumbed to an orc priest's poison
             ... on level 3 of the Dungeon.
             The game lasted 00:02:06 (2310 turns).

MisterFreud the Skirmisher (MiAK)                   Turns: 2310, Time: 00:02:06

Health: -2/45      AC:  5    Str: 17    XL:     4   Next: 38%
Magic:  4/4        EV: 10    Int:  9    God:    Lugonu [*.....]
Gold:   29         SH:  0    Dex: 10    Spells: 3/3 levels left

rFire    . . .     SeeInvis .   a - +1 falchion
rCold    . . .     Faith    .   (no shield)
rNeg     . . .     Spirit   .   g - +0 ring mail
rPois    .         Reflect  .   (helmet restricted)
rElec    .         Harm     .   (no cloak)
rCorr    .         Rampage  .   (no gloves)
Will     .....                  (no boots)
Stlth    ..........             (no amulet)
HPRegen  0.15/turn              (no ring)
MPRegen  0.09/turn              (no ring)

@: lethally poisoned (-2 -> -32), hasted, very quick
A: horns 2, retaliatory headbutt
a: Renounce Religion, Depart the Abyss


You were on level 3 of the Dungeon.
You worshipped Lugonu.
Lugonu was aware of your devotion.
You visited 1 branch of the dungeon, and saw 3 of its levels.
You visited the Abyss 1 time.

You collected 29 gold pieces.

Inventory:

Hand Weapons
 a - a +1 falchion (weapon)
Armour
 b - a +0 leather armour
 g - a +0 ring mail (worn)
Scrolls
 d - a scroll of identify {unknown}
 f - 2 scrolls of teleportation {unknown}
Potions
 c - a potion of flight {unknown}
 e - a potion of haste
 h - a potion of invisibility {unknown}


   Skills:
 * Level 6.3 Fighting
 - Level 2.4 Long Blades
 - Level 2.4 Armour
 - Level 1.1 Dodging
 - Level 1.7 Invocations


You had 3 spell levels left.
You didn't know any spells.
Your spell library contained the following spells:

 Spells                   Type           Power      Damage    Failure   Level
 Shock                    Conj/Air       0%         1d3       58%         1
 Swiftness                Air            0%         N/A       91%         3
 Airstrike                Air            0%         N/A       100%        4
 Fireball                 Conj/Fire      0%         3d3       100%        5
 Starburst                Conj/Fire      0%         6d3       100%        6
 Ignition                 Fire           0%         3d3       100%        8


Dungeon Overview and Level Annotations

Branches:
Dungeon (3/15)

Altars:


Innate Abilities, Weirdness & Mutations

You have a pair of horns on your head.
You reflexively headbutt those who attack you in melee.


Message History

You headbutt the orc priest, but do no damage.
The orc priest hits you but does no damage.
You are poisoned.
You completely miss the orc priest.
You feel very sick. The orc priest closely misses you.
You hit the orc priest but do no damage.
You feel sick. The orc priest barely misses you.
You hit the orc priest.
The orc priest is lightly wounded.
You feel sick. The orc priest completely misses you. You furiously retaliate!
You headbutt the orc priest, but do no damage.
The orc priest hits you but does no damage.
You are more poisoned.
You barely miss the orc priest.
The orc priest is lightly wounded.
You feel very sick. The orc priest barely misses you.
You completely miss the orc priest.
You feel very sick.
The orc priest hits you with a +1 dagger of venom.
You are more poisoned.
You barely miss the orc priest.
You feel very sick.
The orc priest hits you with a +1 dagger of venom.
You are lethally poisoned!
You hit the orc priest but do no damage.
* * * LOW HITPOINT WARNING * * *
You feel very sick.
The orc priest hits you but does no damage.
You are more poisoned.
You barely miss the orc priest. Your headbutt misses the orc priest.
* * * LOW HITPOINT WARNING * * *
You feel very sick.
The orc priest hits you with a +1 dagger of venom.
* * * LOW HITPOINT WARNING * * *
You are more poisoned.
The orc priest closely misses you.
It was a potion of haste.
You feel yourself speed up.
You die...

#####..##.##.###.## #.###
#.......#.#### #.# #.# #
#.###...#.# #.# #.# #
##.†...# ##+## #.### #....###
##...## #.... #.##.#
##.....## #.### # #.#..#
##.......###....
###.##....####.........####..
...........o@).........+.....
####....####.........####..
#.#.## ##.......## ##. #.###
##..)..## #. #.###### ##...##
#< #......# ##'## #. ######.#
#.# #. #.######.##### #.
#.##.........# #.


You could see an orc priest.

Vanquished Creatures
  3 adders (D:2)
  A worm (D:3)
  2 dart slugs
  5 orcs (D:3)
  3 bats (D:1)
  4 endoplasms
  2 giant cockroaches (D:1)
  6 goblins
  4 hobgoblins
  3 kobolds
  6 quokkas
  6 ball pythons
  7 rats
52 creatures vanquished.

Notes
Turn   | Place    | Note
-------+----------+-------------------------------------------
     0 | Abyss:1  | MisterFreud the Minotaur Abyssal Knight began the quest for
                  | the Orb.
     0 | Abyss:1  | Reached XP level 1. HP: 19/19 MP: 1/1
    57 | Abyss:1  | Noticed a small abomination
    58 | D:1      | Escaped the Abyss
   181 | D:1      | Reached skill level 4 in Fighting
   286 | D:1      | Reached XP level 2. HP: 25/28 MP: 2/2
   738 | D:1      | Reached * piety under Lugonu
   926 | D:1      | Reached skill level 5 in Fighting
  1055 | D:2      | Reached XP level 3. HP: 32/36 MP: 3/3
  1595 | D:2      | Reached skill level 6 in Fighting
  1595 | D:2      | Reached XP level 4. HP: 43/44 MP: 4/4
  2310 | D:3      | Succumbed to an orc priest's poison

Illustrated notes

Levels and vault maps discovered:
D:1:      minmay_arrival_plants_in_alcoves, layout_loops_ring,
          roderic_serpentine_path
D:2:      layout_loops_cross
D:3:      layout_loops_corners, kennysheep_donut, kennysheep_generic_room_3

Skill      XL: |  1  2  3 |
---------------+----------+-----
Fighting       | 4 5 6 |  6.3
Long Blades    | |  2.4
Armour         | |  2.4
Dodging        | |  1.1
Invocations    | |  1.7

Action                   |  1- 3 |  4- 6 || total
-------------------------+-------+-------++-------
Melee: Falchion          |    68 |    40 ||   108
       Headbutt          |    10 |     5 ||    15
Invok: Depart the Abyss  |     1 |       ||     1
  Use: Potion            |       |     1 ||     1
Armor: Leather armour    |    20 |       ||    20
       Ring mail         |    10 |    12 ||    22
Dodge: Dodged            |    45 |    18 ||    63
       Rpst.: Falchion   |     7 |     8 ||    15
